 Dungeon Crawl Stone Soup version 0.16.1-28-gcc2312f (webtiles) character file.

7352 Hanyuu the Martial Artist (level 11, -25/87 (88) HPs)
             Began as an Octopode Transmuter on May 29, 2015.
             Was the Champion of Makhleb.
             Annihilated by a komodo dragon (29 damage)
             ... on level 11 of the Dungeon.
             The game lasted 00:44:34 (13569 turns).

Hanyuu the Martial Artist (Octopode Transmuter)    Turns: 13569, Time: 00:44:35

HP:   -25/87 (88)   AC:  6    Str:  9    XL:     11   Next: 13%
MP:   16/22         EV: 11    Int: 18    God:    Makhleb [******]
Gold: 430           SH:  0    Dex: 14    Spells: 6 memorised, 4 levels left

rFire  x . .     SeeInvis +       - Unarmed
rCold  + + +     Clarity  +     (shield currently unavailable)
rNeg   . . .     SustAb   .     A - melded +2 hat
rPois  +         Gourm    .     H - amulet of clarity
rElec  .         Spirit   .     t - ring of poison resistance
rCorr  .         Warding  .     f - ring of stealth
rMut   .         Stasis   .     F - ring of poison resistance
MR     .....                    O - ring of stealth
Stlth  +++.......               Y - ring of flight
                                X - ring of see invisible
                                (no ring)
                                (no ring)

@: ice-form, very slightly contaminated, not resistant to hostile enchantments,
fairly stealthy
A: almost no armour, amphibious, 8 rings, (constrict 8), (camouflage 0),
(gelatinous body 0)
a: End Transformation, Minor Destruction, Lesser Servant of Makhleb, Major
Destruction, Greater Servant of Makhleb, Renounce Religion, Evoke Flight


You were on level 11 of the Dungeon.
You worshipped Makhleb.
Makhleb was exalted by your worship.
You were very hungry.
You were a creature of crystalline ice.
You visited 2 branches of the dungeon, and saw 12 of its levels.

You collected 625 gold pieces.
You spent 195 gold pieces at shops.

Inventory:

Hand weapons
 b - a +1 blowgun
Missiles
 c - 202 arrows
 v - 2 throwing nets (quivered)
 C - 48 poisoned needles
Armour
 A - a +2 hat (melded)
Magical staves
 e - an uncursed staff of conjuration
Jewellery
 f - a ring of stealth (right front paw)
 t - a ring of poison resistance (left front paw)
 F - a ring of poison resistance (on tentacle)
 H - an amulet of clarity (around neck)
 O - a ring of stealth (on tentacle)
 W - an uncursed amulet of rage
 X - a ring of see invisible (on tentacle)
 Y - a ring of flight (on tentacle)
Magical devices
 j - a wand of lightning (5)
 I - a wand of paralysis (4)
Scrolls
 g - 2 scrolls of blinking
 i - a scroll of teleportation
 r - a scroll of immolation
 u - a scroll of recharging
 z - a scroll of magic mapping
 N - 2 scrolls of remove curse
 S - 2 scrolls of vulnerability {unknown}
 V - a scroll of amnesia
Potions
 n - 3 potions of restore abilities
 o - a potion of brilliance
 p - 3 potions of curing
 s - 2 potions of heal wounds
 w - a potion of agility {unknown}
 x - 2 potions of berserk rage {unknown}
 B - 3 potions of flight {unknown}
 D - a potion of mutation
 J - 2 potions of cure mutation {unknown}
 K - 3 potions of ambrosia {unknown}
 L - 3 potions of haste {unknown}
 P - a potion of beneficial mutation {unknown}
Books
 d - a book of Changes

   Spells                             Type                      Level
   a - Beastly Appendage              Transmutation                1
   b - Sticks to Snakes               Transmutation                2
   c - Spider Form                    Transmutation/Poison         3
   d - Ice Form                       Ice/Transmutation            4
   e - Blade Hands                    Transmutation                5
 Q - a book of Clouds

   Spells                             Type                      Level
   a - Mephitic Cloud                 Conjuration/Poison/Air       3
   b - Conjure Flame                  Conjuration/Fire             3
   c - Poisonous Cloud                Conjuration/Poison/Air       6
   d - Freezing Cloud                 Conjuration/Ice/Air          6
   e - Ring of Flames                 Charms/Fire                  7
 T - a book of Spatial Translocations

   Spells                             Type                      Level
   a - Apportation                    Translocation                1
   b - Blink                          Translocation                2
   c - Shroud of Golubria             Charms/Translocation         2
   d - Portal Projectile              Translocation                3
   e - Teleport Other                 Translocation                3
   f - Passage of Golubria            Translocation                4
Comestibles
 a - 6 bread rations
 h - 2 beef jerkies
 k - 6 meat rations
 G - 2 royal jellies


   Skills:
 + Level 6.9 Fighting
 * Level 0.8 Throwing
 - Level 4.0 Dodging
 * Level 12.2 Unarmed Combat
 + Level 4.6 Spellcasting
 - Level 1.0 Conjurations
 - Level 7.0 Transmutations
 - Level 1.1 Fire Magic
 - Level 2.0 Invocations


You had 4 spell levels left.
You knew the following spells:

 Your Spells              Type           Power        Failure   Level  Hunger
a - Beastly Appendage     Trmt           ####..       1%          1    None
b - Sticks to Snakes      Trmt           ####......   1%          2    #......
c - Spider Form           Trmt/Pois      ###.......   12%         3    ###....
d - Shroud of Golubria    Chrm/Tloc      #.........   21%         2    #......
e - Ice Form              Ice/Trmt       ###.....     34%         4    ####...
f - Conjure Flame         Conj/Fire      #.......     30%         3    ###....


Dungeon Overview and Level Annotations

Branches:
Dungeon (11/15)            Temple (1/1) D:4            Lair (0/8) D:8
    Orc (0/4) D:9

Altars:
Ashenzari
Cheibriados
Dithmenos
Elyvilon
Fedhas
Gozag
Kikubaaqudgha
Makhleb
Nemelex Xobeh
Okawaru
Qazlal
Ru
Sif Muna
Trog
Vehumet
Xom
Yredelemnul
Zin
The Shining One

Shops:
D:4 %   D:6 *=(


Innate Abilities, Weirdness & Mutations

You cannot wear most types of armour.
You are amphibious.
You can wear up to eight rings at the same time.
((You can use your tentacles to constrict many enemies at once.))
((Your skin changes colour to match your surroundings (Stealth).))
((Your rubbery body absorbs attacks (AC +1).))


Message History

The komodo dragon closely misses you.
You hit the komodo dragon. You freeze the komodo dragon.
The komodo dragon is heavily wounded.
You hit the komodo dragon but do no damage.
The komodo dragon is heavily wounded.
The komodo dragon closely misses you.
You miss the electric eel. You hit the electric eel.
You freeze the electric eel.
The electric eel is moderately wounded.
The komodo dragon is no longer moving slowly.
The electric eel shoots out a bolt of lightning at you!
The bolt of electricity hits you! The komodo dragon bites you!!
* * * LOW HITPOINT WARNING * * *
You punch the electric eel! You freeze the electric eel.
The electric eel is almost dead.
The electric eel shoots out a bolt of lightning at you!
The bolt of electricity hits you!
* * * LOW HITPOINT WARNING * * *
The komodo dragon bites you!!
You die...

.(# ##≈≈≈# #≈≈≈≈#
.# ≈≈≈≈##..#
≈≈≈≈#≈≈.#
≈≈≈≈≈≈≈#.#
####≈≈≈≈≈≈≈.#
#.≈(l;≈≈≈≈≈.#
##≈≈≈Y≈≈≈≈≈≈.#
##≈≈≈≈..≈≈≈≈..#
##≈≈≈≈≈≈.#.....#
##≈≈≈≈≈≈........#
##≈≈≈≈≈≈≈......#.#
#≈≈≈≈≈≈≈≈.._...# #
##≈≈≈≈<≈≈.....##
##≈≈≈≈≈≈......#
#.≈≈†≈≈≈≈.##.#


You could see a komodo dragon and an electric eel.

Vanquished Creatures
  A deep elf mage (D:9)
  The ghost of sqallbeste the Stinger, an average DEVM of Kikubaaqudgha (D:5)
  2 wyverns
  A hungry ghost (D:10)
  A deep elf fighter (D:8)
  Edmund (D:8)
  A water moccasin (D:8)
  2 ice beasts (D:10)
  A wasp (D:10)
  4 sky beasts
  A black bear (D:10)
  3 necrophages
  3 ogres
  12 orc warriors
  7 centaurs
  7 giant frogs
  Sigmund (D:3)
  A crocodile (D:8)
  2 big kobolds
  2 scorpions
  5 killer bees (D:9)
  4 crimson imps
  3 wights (D:8)
  3 goliath beetles
  A quasit (D:7)
  2 electric eels (D:9)
  5 hounds
  3 giant frog zombies
  2 centaur zombies
  A wasp zombie (D:10)
  Crazy Yiuf (D:7)
  A giant frog skeleton (D:5)
  9 orc priests
  9 orc wizards
  A centaur skeleton (D:11)
  An iguana (D:4)
  9 worker ants
  A killer bee zombie (D:9)
  Ijyb (D:5)
  A mummy (D:8)
  A worker ant zombie (D:5)
  A giant mite (D:7)
  16 adders
  2 shadow imps
  4 worms
  An adder skeleton (D:4)
  2 adder zombies (D:6)
  An ooze (D:1)
  45 orcs
  2 ball pythons (D:7)
  23 bats
  A bat zombie (D:8)
  6 giant cockroaches
  28 hobgoblins
  7 jackals
  21 kobolds
  5 quokkas
  5 giant geckos
  9 giant newts
  A giant spore (D:6)
  11 goblins
  A quokka zombie (D:5)
  21 rats
331 creatures vanquished.

Vanquished Creatures (others)
  A water elemental (D:11)
1 creature vanquished.

Grand Total: 332 creatures vanquished

Notes
Turn   | Place    | Note
--------------------------------------------------------------
     0 | D:1      | Hanyuu, the Octopode Transmuter, began the quest for the Orb.
     0 | D:1      | Reached XP level 1. HP: 13/13 MP: 3/3
    55 | D:1      | Reached XP level 2. HP: 11/18 MP: 4/4
   305 | D:1      | Reached skill level 4 in Unarmed Combat
   364 | D:1      | Reached XP level 3. HP: 14/23 MP: 6/6
   368 | D:1      | Learned a level 2 spell: Sticks to Snakes
   372 | D:1      | Learned a level 3 spell: Spider Form
  1282 | D:2      | Reached XP level 4. HP: 15/28 MP: 5/7
  2301 | D:3      | Noticed Sigmund
  2317 | D:3      | Killed Sigmund
  2317 | D:3      | Reached skill level 5 in Unarmed Combat
  2317 | D:3      | Reached XP level 5. HP: 32/34 MP: 5/9
  3099 | D:3      | Reached XP level 6. HP: 11/41 MP: 6/10
  3496 | D:4      | Found a staircase to the Ecumenical Temple.
  3508 | Temple   | Entered the Ecumenical Temple
  3563 | Temple   | Became a worshipper of Makhleb the Destroyer
  3669 | D:4      | Found Udaluu's Food Shoppe.
  4503 | D:4      | Reached skill level 6 in Unarmed Combat
  4503 | D:4      | Reached XP level 7. HP: 27/46 MP: 9/12
  4541 | D:5      | Entered Level 5 of the Dungeon
  4635 | D:5      | Noticed Ijyb
  4643 | D:5      | Killed Ijyb
  4928 | D:5      | Acquired Makhleb's first power
  5095 | D:5      | Reached skill level 7 in Unarmed Combat
  5128 | D:5      | Noticed sqallbeste's ghost (average DEVM)
  5131 | D:5      | Reached XP level 8. HP: 45/52 MP: 10/13
  5183 | D:5      | Killed sqallbeste's ghost
  5193 | D:5      | Reached skill level 5 in Transmutations
  5807 | D:6      | Acquired Makhleb's second power
  6069 | D:6      | Reached skill level 8 in Unarmed Combat
  6362 | D:6      | Found Ezulouma's Antique Weapon Boutique.
  6465 | D:6      | Reached XP level 9. HP: 22/58 MP: 13/16
  6678 | D:6      | Found Mnesau's General Store.
  6726 | D:6      | Found a shadowy altar of Dithmenos.
  6851 | D:6      | Reached skill level 9 in Unarmed Combat
  6915 | D:6      | Found Freseq's Jewellery Shoppe.
  6921 | D:6      | Acquired Makhleb's third power
  7451 | D:7      | Noticed Crazy Yiuf
  7461 | D:7      | Killed Crazy Yiuf
  8185 | D:7      | Reached skill level 10 in Unarmed Combat
  8525 | D:7      | Acquired Makhleb's fourth power
  8916 | D:8      | HP: 2/58 [ogre/giant club (25)]
  9299 | D:8      | Acquired Makhleb's fifth power
  9314 | D:8      | Found a staircase to the Lair.
  9324 | D:8      | Reached skill level 5 in Fighting
  9324 | D:8      | Reached XP level 10. HP: 62/65 MP: 15/18
  9572 | D:8      | Found a shattered altar of Ashenzari.
  9919 | D:8      | Learned a level 2 spell: Shroud of Golubria
  9924 | D:8      | Learned a level 4 spell: Ice Form
 10033 | D:8      | Noticed Edmund
 10044 | D:8      | Killed Edmund
 10074 | D:8      | Reached skill level 11 in Unarmed Combat
 10461 | D:6      | Bought an uncursed ring of see invisible for 195 gold pieces
 11818 | D:9      | Found a staircase to the Orcish Mines.
 12151 | D:9      | Learned a level 3 spell: Conjure Flame
 12413 | D:10     | Entered Level 10 of the Dungeon
 12525 | D:10     | Reached skill level 1 in Invocations
 12688 | D:10     | Reached skill level 1 in Conjurations
 12797 | D:10     | Reached skill level 12 in Unarmed Combat
 12917 | D:10     | Reached XP level 11. HP: 73/73 MP: 20/22
 13026 | D:10     | Reached skill level 1 in Fire Magic
 13540 | D:11     | Found an ancient bone altar of Kikubaaqudgha.
 13569 | D:11     | HP: 4/87 [electric eel/bolt of electricity (9)]
 13569 | D:11     | Annihilated by a komodo dragon

Action                   |  1- 3 |  4- 6 |  7- 9 | 10-12 || total
-------------------------+-------+-------+-------+-------++-------
Melee: Unarmed           |    95 |   160 |   417 |   322 ||   994
Throw: Javelin           |       |     1 |     3 |     1 ||     5
 Cast: Beastly Appendage |     4 |     9 |     2 |     2 ||    17
       Spider Form       |     1 |     5 |    26 |    24 ||    56
       Ice Form          |       |       |       |     3 ||     3
  Use: Scroll            |       |     5 |    12 |     6 ||    23
       Potion            |       |     1 |     5 |       ||     6
 Stab: Sleeping          |     4 |     6 |    14 |    11 ||    35
       Distracted        |       |       |       |     1 ||     1
  Eat: Chunk             |     1 |    11 |    18 |    14 ||    44
       Fruit             |       |       |     3 |     2 ||     5
